 Dungeon Crawl Stone Soup version 0.23-a0-296-ga3b1b28 (webtiles) character file.

58 namelastname112 the Slasher (level 3, 0/30 HPs)
             Began as a Draconian Warper on Oct 5, 2018.
             Killed by nerve-wracking pain
             ... invoked by Grinder
              (12 damage)
             ... on level 3 of the Dungeon.
             The game lasted 00:03:26 (1417 turns).

namelastname112 the Slasher (Draconian Warper)      Turns: 1417, Time: 00:03:26

Health: 0/30       AC:  6    Str: 15    XL:     3   Next: 76%
Magic:  6/6        EV: 18    Int: 11    God:
Gold:   65         SH:  0    Dex: 16    Spells: 6/6 levels left

rFire    . . .     SeeInvis .   a - +0 falchion
rCold    . . .     Gourm    .   (no shield)
rNeg     . . .     Faith    .   (armour unavailable)
rPois    +         Spirit   .   (helmet restricted)
rElec    .         Reflect  .   (no cloak)
rCorr    .         Harm     .   t - +0 pair of gloves
MR       .....     Clarity  +   (no boots)
Stlth    +++.......             (no amulet)
HPRegen  0.10/turn              b - ring of stealth
MPRegen  0.10/turn              o - ring of flight

@: agile
A: unfitting armour, clarity, dopey 1, poison resistance, strong 1,
cold-blooded, AC +5
a: Evoke Flight


You were on level 3 of the Dungeon.
You were hungry.

You visited 1 branch of the dungeon, and saw 3 of its levels.

You collected 65 gold pieces.

Inventory:

Hand Weapons
 a - a +0 falchion (weapon)
Missiles
 d - 5 tomahawks of dispersal (quivered)
Armour
 t - a +0 pair of gloves (worn)
Jewellery
 b - a ring of stealth (left hand)
 o - a ring of flight (right hand)
Scrolls
 c - a scroll of blinking
 e - a scroll of fear {unknown}
 g - a scroll of enchant weapon {unknown}
 h - 2 scrolls of teleportation {unknown}
 i - a scroll of noise {unknown}
 m - 4 scrolls of magic mapping {unknown}
 n - 2 scrolls of identify {unknown}
 q - a scroll of enchant armour {unknown}
 r - a scroll of fog {unknown}
Potions
 l - 2 potions of agility
Comestibles
 f - 5 rations


   Skills:
 + Level 2.9 Fighting
 * Level 3.2 Long Blades
 - Level 0.8 Throwing
 + Level 2.6 Dodging
 - Level 2.0 Spellcasting
   Level 3.0 Translocations


You had 6 spell levels left.
You didn't know any spells.
Your spell library contained the following spells:

 Spells                   Type           Power        Failure   Level  Hunger
 Blink                    Tloc           N/A          13%         2    ###....
 Shroud of Golubria       Chrm/Tloc      #.........   24%         2    ###....
 Gell's Gravitas          Tloc           #.........   26%         3    ####...
 Lesser Beckoning         Tloc           #.........   26%         3    ####...
 Teleport Other           Tloc           #.......     26%         3    ####...
 Passage of Golubria      Tloc           N/A          63%         4    #####..


Dungeon Overview and Level Annotations

Branches:
Dungeon (3/15)

Altars:
Cheibriados
Xom

Annotations:
D:3 Grinder


Innate Abilities, Weirdness & Mutations

Your plain brown scales are hard. (AC +5)
You cannot fit into any form of body armour.
You are cold-blooded and may be slowed by cold attacks.
You possess an exceptional clarity of mind.
You are dopey. (Int -2)
Your system is resistant to poisons. (rPois)
Your muscles are strong. (Str +2)


Message History

Grinder gestures at you. Pain shoots through your body!
You take 7 damage, and have 23/30 hp.
MASSIVE DAMAGE!!
Grinder says, "DUCK!"
Grinder gestures at you.
You suddenly lose the ability to move!
Grinder gestures at you. Pain shoots through your body!
Grinder hits you but does no damage.
You can move again.
You take 11 damage, and have 12/30 hp.
MASSIVE DAMAGE!!
Unknown command.
Unknown command.
Unknown command.
Unknown command.
As you read the scroll labeled VUL DYFYEN, it crumbles to dust.
You feel blessed for a moment.
It was a scroll of remove curse.
Grinder gestures at you. Pain shoots through your body!
You die...

#.# #.# #.#
#.# #.# ####.#
#....#
#########†####
......5@.).†.#
#########.##.#
#.# .# #.# .#
#.# 5# #.# .#
#.. §# #.# .#
#.#


You could see Grinder.

Vanquished Creatures
  2 adders
  An ooze (D:2)
  A worm (D:3)
  3 dart slugs (D:1)
  2 leopard geckos
  2 goblins
  3 hobgoblins (D:1)
  6 bats
  2 frilled lizards
  2 kobolds (D:1)
  3 rats (D:2)
27 creatures vanquished.

Notes
Turn   | Place    | Note
-------+----------+-------------------------------------------
     0 | D:1      | namelastname112 the Draconian Warper began the quest for
                  | the Orb.
     0 | D:1      | Reached XP level 1. HP: 17/17 MP: 3/3
   280 | D:1      | Reached XP level 2. HP: 22/25 MP: 5/5
   747 | D:2      | Found a shimmering altar of Xom.
   756 | D:2      | namelastname112: этот волт мемный такой
   756 | D:2      | namelastname112: если сейчас к нему пойти
   756 | D:2      | namelastname112: к зому
   756 | D:2      | namelastname112: даст тебе гоблина дружелюбного
   756 | D:2      | namelastname112: и скажет, что лучший подарок это дружба
   841 | D:2      | Reached XP level 3. HP: 26/30 MP: 6/6
   887 | D:2      | Found a snail-covered altar of Cheibriados.
  1376 | D:3      | Noticed Grinder
  1376 | D:3      | Paralysed by Grinder for 6 turns
  1384 | D:3      | Gained mutation: Your muscles are strong. (Str +2) [potion
                  | of mutation]
  1384 | D:3      | Gained mutation: You are dopey. (Int -2) [potion of
                  | mutation]
  1384 | D:3      | Gained mutation: You possess an exceptional clarity of
                  | mind. [potion of mutation]
  1384 | D:3      | Gained mutation: Your system is resistant to poisons.
                  | (rPois) [potion of mutation]
  1385 | D:3      | Paralysed by Grinder for 4 turns
  1398 | D:3      | Paralysed by Grinder for 5 turns
  1414 | D:3      | Paralysed by Grinder for 3 turns
  1417 | D:3      | Killed from afar by Grinder

Vault maps used:
D:1:      erik_arrival_triangle_medium, nrook_mini_backslash,
          minmay_pentomino_t2
D:2:      brannock_xom_greatest_gift, lemuel_doored_altar, first_ration
D:3:      uniq_robin, uniq_grinder, uniq_ijyb

Skill      XL: |  1  2  3 |
---------------+----------+-----
Long Blades    | 3 |  3.2
Fighting       | |  2.9
Throwing       | |  0.8
Dodging        | |  2.6
Spellcasting   | |  2.0
Translocations | |  3.0

Action                   || total
-------------------------++-------
Melee: Falchion          ||    78
       Tailslap          ||     7
  Use: Potion            ||     4
       Scroll            ||     1
 Stab: Sleeping          ||     4
  Eat: Chunk             ||     1
Armor: Skin              ||    21
Dodge: Dodged            ||    46
       Rpst.: Falchion   ||    15

Table legend:
 A = Non-vault XP
 B = Vault XP
 C = Vault XP percentage of total XP
 D = Non-vault monster count
 E = Vault monster count
 F = Vault count percentage of total count
                 A         B        C        D         E       F
            +---------+---------+-------+---------+---------+-------
      Total |      84 |       0 |   0.0 |      27 |       0 |   0.0
            +---------+---------+-------+---------+---------+-------
        D:1 |      33 |       0 |   0.0 |      15 |       0 |   0.0
        D:2 |      30 |       0 |   0.0 |       8 |       0 |   0.0
        D:3 |      21 |       0 |   0.0 |       4 |       0 |   0.0
            +---------+---------+-------+---------+---------+-------
